 Dungeon Crawl Stone Soup version 0.27.1-3-gb3d3a73c9e (webtiles) character file.

Game seed: 9792023287978505875

37 ZARRMARR the Conjurer (level 3, -2/23 HPs)
             Began as an Octopode Conjurer on Oct 23, 2021.
             Slain by a gnoll (10 damage)
             ... on level 2 of the Dungeon.
             The game lasted 00:03:00 (1956 turns).

ZARRMARR the Conjurer (Octopode Conjurer)           Turns: 1956, Time: 00:03:01

Health: -2/23      AC:  1    Str:  6    XL:     3   Next: 41%
Magic:  1/6        EV: 13    Int: 27    God:
Gold:   91         SH:  0    Dex: 10    Spells: 5/6 levels left

rFire    . . .     SeeInvis .   a - +0 spear
rCold    . . .     Faith    .   (no shield)
rNeg     . . .     Spirit   .   (helmet restricted)
rPois    .         Reflect  .   (no amulet)
rElec    .         Harm     .   h - +6 ring of intelligence
rCorr    .         Rampage  .   (no ring)
Will     .....                  (no ring)
Stlth    +++.......             (no ring)
HPRegen  0.07/turn              (no ring)
MPRegen  0.10/turn              (no ring)
                                (no ring)
                                (no ring)

@: no status effects
A: almost no armour, amphibious, 8 rings, camouflage 1, gelatinous body 1,
(nimble swimmer 1), tentacles
a: no special abilities


You were on level 2 of the Dungeon.
You visited 1 branch of the dungeon, and saw 2 of its levels.

You collected 91 gold pieces.

Inventory:

Hand Weapons
 a - a +0 spear (weapon)
Jewellery
 h - a +6 ring of intelligence (left tentacle)
Scrolls
 b - a scroll of identify {unknown}
 f - a scroll of acquirement {unknown}
 i - a scroll of teleportation {unknown}
 k - a scroll of enchant armour {unknown}
 l - a scroll of vulnerability {unknown}
Potions
 c - 2 potions of lignification {unknown}
 d - a potion of mutation {unknown}
 e - a potion of brilliance {unknown}
 g - a potion of resistance {unknown}
 j - a potion of heal wounds {unknown}


   Skills:
 + Level 1.2 Fighting
 + Level 2.5 Dodging
 - Level 2.6 Stealth
 + Level 2.4 Spellcasting
 + Level 4.3 Conjurations


You had 5 spell levels left.
You knew the following spells:

 Your Spells              Type           Power      Damage    Failure   Level
a - Magic Dart            Conj           100%       1d8       1%          1

Your spell library contained the following spells:

 Spells                   Type           Power      Damage    Failure   Level
 Searing Ray              Conj           52%        3d5       2%          2
 Dazzling Flash           Conj/Hex       28%        N/A       12%         3
 Fulminant Prism          Conj/Hex       7%         3d7       36%         4
 Iskenderun's Mystic Bla  Conj/Tloc      14%        2d5       36%         4
 Starburst                Conj/Fire      7%         6d4       99%         6


Dungeon Overview and Level Annotations

Branches:
Dungeon (2/15)

Altars:

Shops:
D:1 =


Innate Abilities, Weirdness & Mutations

You cannot wear most types of armour.
You are amphibious.
You can wear up to eight rings at the same time.
Your skin changes colour to match your surroundings (Stealth+).
Your rubbery body absorbs attacks. (AC +1, EV +1)
((You are camouflaged near water. (Stealth+)))
You have tentacles for arms and can constrict up to eight enemies at once.


Message History

You kill the gnoll!
An endoplasm comes into view.
You can't see any susceptible monsters within range! (Use Z to cast anyway.)
You can't see any susceptible monsters within range! (Use Z to cast anyway.)
Casting: Magic Dart (safe; 1% risk of failure)
Confirm with . or Enter, or press ? or * to list all spells.
You can't see any susceptible monsters within range! (Use Z to cast anyway.)
The endoplasm quivers.
The magic dart hits the endoplasm.
The endoplasm is almost dead.
The magic dart hits the endoplasm.
You kill the endoplasm!
A kobold comes into view. It is wielding a +0 short sword.
You can't see any susceptible monsters within range! (Use Z to cast anyway.)
Casting: Magic Dart (safe; 1% risk of failure)
Confirm with . or Enter, or press ? or * to list all spells.
You can't see any susceptible monsters within range! (Use Z to cast anyway.)
A gnoll comes into view. It is wielding a +0 falchion.
The magic dart hits the gnoll.
The gnoll is lightly wounded.
The gnoll shouts!
The magic dart hits the gnoll.
The gnoll is moderately wounded.
The kobold shouts!
A worm comes into view.
You are too depleted to draw on your mana recklessly!
You see here a giant cockroach corpse.
There are monsters nearby!
The kobold throws a stone.
The stone hits you.
There is a stone staircase leading up, spattered with blood here.
The magic dart hits the gnoll.
The gnoll is moderately wounded.
The magic dart hits the gnoll.
The gnoll is moderately wounded.
You closely miss the gnoll. You grab the gnoll.
You squeeze the gnoll, but do no damage.
The gnoll is moderately wounded.
You constrict the gnoll. The gnoll hits you with a +0 falchion!
You release your grip on the gnoll.
The gnoll hits you with a +0 falchion!
You die...

##....##...#..............#..
##....##...###.#.######.#.#.#
##.#####.......#..........#.#####
....####.#.###.#........#†.......
....##.........#.########........
....##.#..........# #........
.....# #####.#.#K.# #.#......
...### #....#.#g.# #.#..#.## ...#
#....#..@.# #.#...... ...#
#....###.## #####.##.#.## ...#
#....###................. ...#
#....#...##.#####.##..... .#.#
#....#.####.............. .#.#
......................... .#.#.#
.......................... .#.#.#
..#................... .#.#.#####
#.#....#.#............


You could see a gnoll and a kobold.

Vanquished Creatures
  A gnoll (D:2)
  A worm (D:2)
  2 dart slugs
  3 bats
  3 endoplasms
  2 giant cockroaches
  2 hobgoblins
  4 quokkas (D:2)
  A rat (D:2)
19 creatures vanquished.

Vanquished Creatures (others)
  33 plants (D:2)
33 creatures vanquished.

Grand Total: 52 creatures vanquished

Notes
Turn   | Place    | Note
-------+----------+-------------------------------------------
     0 | D:1      | ZARRMARR the Octopode Conjurer began the quest for the Orb.
     0 | D:1      | Reached XP level 1. HP: 11/11 MP: 3/3
    27 | D:1      | Noticed a shining eye
    29 | D:1      | Found a faded altar of an unknown god.
    31 | D:1      | Noticed a golden eye
    31 | D:1      | Noticed a floating eye
    31 | D:1      | Noticed a floating eye
   331 | D:1      | Reached XP level 2. HP: 18/18 MP: 1/5
   497 | D:1      | Found Woock's Jewellery Emporium.
  1530 | D:2      | Reached skill level 1 in Fighting
  1863 | D:2      | Reached XP level 3. HP: 23/23 MP: 4/6
  1956 | D:2      | Slain by a gnoll

Illustrated notes

Levels and vault maps discovered:
D:1:      sevenhm_arrival_forest_fort_small_4, layout_basic, serial_shops, shop,
          hellmonk_ecumenical_altar_watching_god
D:2:      wad_woods_stonehenge, layout_basic

Skill      XL: |  1  2 |
---------------+-------+-----
Fighting       | 1 |  1.2
Dodging        | |  2.5
Stealth        | |  2.6
Spellcasting   | |  2.4
Conjurations   | |  4.3

Action                   || total
-------------------------++-------
Melee: Spear             ||    22
       Constrict         ||     5
       Tentacles         ||     5
 Cast: Magic Dart        ||    45
Armor: Skin              ||     1
Dodge: Dodged            ||     6
